 Dungeon Crawl Stone Soup version 0.22-a0-407-gb098539 (webtiles) character file.

2 galech the Magician (level 1, 16/17 HPs)
             Began as a Gnoll Wanderer on May 9, 2018.
             Quit the game on level 1 of the Dungeon.
             The game lasted 00:00:17 (50 turns).

galech the Magician (Gnoll Wanderer)                  Turns: 50, Time: 00:00:18

Health: 16/17      AC:  5    Str: 14    XL:     1   Next: 40%
Magic:  6/6        EV: 10    Int: 13    God:
Gold:   14         SH:  0    Dex: 15    Spells: 9/9 levels left

rFire    . . .     SeeInvis .   b - +2 blowgun
rCold    . . .     Gourm    .   (no shield)
rNeg     . . .     Faith    .   d - +0 ring mail
rPois    .         Spirit   .   (no helmet)
rElec    .         Reflect  .   (no cloak)
rCorr    .         Harm     .   (no gloves)
MR       .....                  (no boots)
Stlth    +.........             (no amulet)
HPRegen  0.05/turn              (no ring)
MPRegen  0.10/turn              (no ring)

@: no status effects
A: distributed training, fangs 1, strong nose
a: no special abilities


You were on level 1 of the Dungeon.
You were not hungry.

You visited 1 branch of the dungeon, and saw 1 of its levels.

You collected 14 gold pieces.

Inventory:

Hand Weapons
 b - a +2 blowgun (weapon)
Armour
 d - a +0 ring mail (worn)
Scrolls
 c - a scroll of teleportation {unknown}
 e - 2 scrolls of identify {unknown}
Potions
 g - a potion of might {unknown}
Comestibles
 f - 2 rations


   Skills:
 + Level 2.3 Fighting
 + Level 0.0 Short Blades
 + Level 0.0 Long Blades
 + Level 2.3 Axes
 + Level 0.0 Maces & Flails
 + Level 0.0 Polearms
 + Level 0.0 Staves
 + Level 0.0 Slings
 + Level 0.0 Bows
 + Level 0.0 Crossbows
 + Level 2.3 Throwing
 + Level 2.3 Armour
 + Level 0.0 Dodging
 + Level 0.0 Stealth
 + Level 0.0 Shields
 + Level 0.0 Unarmed Combat
 + Level 4.8 Spellcasting
 + Level 1.9 Conjurations
 + Level 0.0 Hexes
 + Level 0.0 Charms
 + Level 0.0 Summonings
 + Level 0.0 Necromancy
 + Level 0.0 Translocations
 + Level 0.0 Transmutations
 + Level 0.0 Fire Magic
 + Level 0.0 Ice Magic
 + Level 3.6 Air Magic
 + Level 0.0 Earth Magic
 + Level 0.0 Poison Magic
 + Level 0.1 Invocations
 + Level 2.3 Evocations


You had 9 spell levels left.
You didn't know any spells.

Dungeon Overview and Level Annotations

Branches:
Dungeon (1/15)

Altars:


Innate Abilities, Weirdness & Mutations

Your experience applies equally to all skills.
You have very sharp teeth.
Your uncanny sense of smell can sniff out nearby items.


Message History

Aim: a frilled lizard
Okay, then.
Firing (i - inventory) No suitable missiles.
Press: ? - help, Shift-Dir - straight line, f/p - frilled lizard
Aim: a frilled lizard
Okay, then.
The frilled lizard bites you.
Really attack while wielding your +2 blowgun? [Y]es or [N]o only, please.
Really attack while wielding your +2 blowgun? [Y]es or [N]o only, please.
Really attack while wielding your +2 blowgun? [Y]es or [N]o only, please.
Really attack while wielding your +2 blowgun? [Y]es or [N]o only, please.
Really attack while wielding your +2 blowgun? [Y]es or [N]o only, please.
Really attack while wielding your +2 blowgun?
Okay, then.
Are you sure you want to abandon this character and quit the game? (Confirm with "yes".)

########### ..........#
..........# ∆
..........+
......l@..###
....>.....'.#
..........#.#
.....((...#.#
..(.......#.##########
..........#...........
..........#...........
..........#...########+#
.......#...####......


You could see a frilled lizard.

Vanquished Creatures
  2 bats (D:1)
  A frilled lizard (D:1)
3 creatures vanquished.

Notes
Turn   | Place    | Note
-------+----------+-------------------------------------------
     0 | D:1      | galech the Gnoll Wanderer began the quest for the Orb.
     0 | D:1      | galech set off with: 4 curare-tipped needles, a +2 blowgun, a +0 ring mail, a ration
     0 | D:1      | Reached XP level 1. HP: 17/17 MP: 6/6
    50 | D:1      | Quit the game

Vault maps used:
D:1:      dpeg_arrival_refuge

Action                   || total
-------------------------++-------
 Fire: Blowgun           ||     4

Table legend:
 A = Spawn XP
 B = Non-spawn XP
 C = Spawn XP percentage of total XP
 D = Spawn monster count
 E = Non-spawn monster count
 F = Spawn count percentage of total count
 G = Total turns spent on level
                    A         B        C        D         E        F      G
               +---------+---------+-------+---------+---------+-------+---------
         Total |       0 |       4 |   0.0 |       0 |       3 |   0.0 |    50
               +---------+---------+-------+---------+---------+-------+---------
           D:1 |       0 |       4 |   0.0 |       0 |       3 |   0.0 |    50
               +---------+---------+-------+---------+---------+-------+---------
